 Dungeon Crawl Stone Soup version 0.30-a0-949-g53dc5368d7 (webtiles) character file.

Game seed: 8311626289592410729

639 Jackthecabe the Firebug (level 7, -8/33 HPs)
             Began as a Vine Stalker Fire Elementalist on Mar 28, 2023.
             Was a Believer of Uskayaw.
             Mangled by a vampire (14 damage)
             ... on level 5 of the Dungeon.
             The game lasted 00:09:23 (4581 turns).

Jackthecabe the Firebug (VSFE)                      Turns: 4581, Time: 00:09:23

Health: -8/33      AC:  2    Str: 11    XL:     7   Next: 51%
Magic:  0/12       EV: 12    Int: 23    God:    Uskayaw [**....]
Gold:   243        SH:  5    Dex: 14    Spells: 6/12 levels left

rFire   . . .      SeeInvis .    p - +0 short sword (holy)
rCold   . . .      Faith    .    (no shield)
rNeg    . . .      Spirit   +    a - +0 robe
rPois   .          Reflect  +    (no helmet)
rElec   .          Rampage  .    (no cloak)
rCorr   .                        (no gloves)
Will    .....                    (no boots)
Stlth   ++                       w - amulet of reflection
HPRegen 1.05/turn                I - +6 ring of intelligence
MPRegen 0.13/turn                Z - ring of wizardry

@: no status effects
A: fangs 2, regeneration 1, magic shield, antimagic bite, no potion heal 2
a: Renounce Religion, Stomp, Line Pass


You were on level 5 of the Dungeon.
You worshipped Uskayaw.
Uskayaw was noncommittal.
You visited 1 branch of the dungeon, and saw 5 of its levels.

You collected 243 gold pieces.


Innate Abilities, Weirdness & Mutations

You have extremely sharp teeth.
Your natural rate of healing is unusually fast.
When hurt, damage is shared between your health and your magic reserves.
Your bite disrupts and absorbs the magic of your enemies.
Potions cannot restore your health.


   Skills:
 + Level 1.5 Fighting
 + Level 1.5 Short Blades
 - Level 1.5 Dodging
 + Level 3.5 Stealth
 - Level 3.0 Spellcasting
 - Level 4.0 Conjurations
 - Level 4.0 Hexes
 - Level 4.0 Fire Magic
 + Level 1.7 Invocations


You had 6 spell levels left.
You knew the following spells:

 Your Spells              Type           Power      Damage    Failure   Level
f - Foxfire               Conj/Fire      84%        2x1d8     1%          1
r - Inner Flame           Hex/Fire       21%        N/A       2%          3
X - Scorch                Fire           42%        2d7       1%          2

Your spell library contained the following spells:

 Spells                   Type           Power      Damage    Failure   Level
 Magic Dart               Conj           84%        1d7       1%          1
 Call Imp                 Summ           3%         N/A       7%          2
 Kindle Blastsparks       Fire/Tloc/Air  18%        2d11      9%          3
 Mephitic Cloud           Conj/Pois/Air  9%         N/A       9%          3
 Flame Wave               Conj/Fire      21%        2d8       9%          4

Inventory:

Hand Weapons
 p - a +0 short sword of holy wrath (weapon)
Missiles
 n - a throwing net {=f}
Armour
 a - a +0 robe (worn)
Magical Staves
 x - a staff of death {!a}
Jewellery
 w - an amulet of reflection (around neck)
 z - a ring of wizardry
 I - a +6 ring of intelligence (left hand)
 L - a ring of flight
 S - a +6 ring of strength
 Z - a ring of wizardry (right hand)
Wands
 r - a wand of charming (13)
Scrolls
 d - 3 scrolls of identify {unknown}
 g - 7 scrolls of magic mapping {unknown}
 h - a scroll of torment {unknown}
 l - 3 scrolls of enchant weapon {unknown}
 o - 2 scrolls of poison {unknown}
 s - a scroll of acquirement {unknown}
 t - 2 scrolls of fear {unknown}
 v - a scroll of noise {unknown}
Potions
 b - a potion of magic
 c - 2 potions of degeneration {unknown}
 e - a potion of mutation {unknown}
 f - a potion of curing {unknown}
 i - 2 potions of heal wounds {unknown}
 j - 3 potions of brilliance {unknown}
 k - 3 potions of ambrosia {unknown}
 m - a potion of lignification {unknown}
 q - a potion of berserk rage {unknown}
 u - a potion of cancellation {unknown}

Dungeon Overview and Level Annotations

Branches:
Dungeon (5/15)
 Temple: D:4-7

Altars:
Makhleb
Qazlal
Uskayaw

#<.. ##..... ####
..... ### ...... +.#
.... #.### ... ...>#
#.# #.#.##
#{####....#
##.####@.....#..##
.................#
.............#.###
##...............#
.............#.#.#
.........#...#.#.#
........<#...#.#.#
#..##........#.#.#.#
.............#.#.#.#


There were no monsters in sight!


Message History

Casting: Inner Flame (dangerous; 2% risk of failure)
Confirm with . or Enter, or press ? or * to list all spells.
Flames lash the vampire but do no damage.
The vampire hits you. The vampire bites you!
The vampire draws strength from your injuries!
Unknown command.
Casting: Scorch (safe; 1% risk of failure)
Confirm with . or Enter, or press ? or * to list all spells.
Flames lash the vampire.
The vampire is burned terribly!
The vampire is moderately damaged.
The vampire misses you. The vampire bites you!
* * * LOW HITPOINT WARNING * * *
The vampire draws strength from your injuries!
You can now pass through a line of other dancers.
Casting: Scorch (safe; 1% risk of failure)
Confirm with . or Enter, or press ? or * to list all spells.
You don't know that spell.
You hit the vampire but do no damage.
The vampire is lightly damaged.
The vampire hits you!
* * * LOW HITPOINT WARNING * * *
The vampire bites you but does no damage.
Unknown command.
You hit the vampire but do no damage. Your bite misses the vampire.
The vampire is lightly damaged.
The vampire mumbles some strange words.
The vampire flickers and vanishes!
Deactivating autopickup; reactivate with Ctrl-A.
You hit something. Something hits you!
You die...

Skill      XL: |  1  2  3  4  5  6  7 |
---------------+----------------------+-----
Conjurations   | 2 3 4 |  4.0
Fire Magic     | 4 |  4.0
Hexes          | 1 3 4 |  4.0
Spellcasting   | 3 |  3.0
Fighting       | 1 |  1.5
Short Blades   | 1 |  1.5
Stealth        | 3 |  3.5
Invocations    | 1 |  1.7
Dodging        | |  1.5

Action                     |  1- 3 |  4- 6 |  7- 9 || total
---------------------------+-------+-------+-------++-------
  Melee: Unarmed           |    17 |     6 |       ||    23
         Bite              |     6 |     8 |     3 ||    17
         Short sword       |       |     9 |    10 ||    19
         Punch             |       |     1 |       ||     1
   Cast: Foxfire           |    99 |    54 |       ||   153
         Scorch            |     1 |    27 |     9 ||    37
         Inner Flame       |       |       |     2 ||     2
  Evoke: Wand              |       |       |     1 ||     1
   Stab: Distracted        |     1 |       |       ||     1
         Paralysed         |       |       |     2 ||     2
 Armour: Robe              |    11 |     3 |     3 ||    17
  Dodge: Dodged            |    44 |    12 |     7 ||    63
  Block: Other             |       |       |     4 ||     4

Levels and vault maps discovered:
D:1:      lightli_arrival_noodles, layout_rooms
D:2:      layout_loops_ring, minmay_indecisive_spiral
D:3:      layout_basic, shapermc_ecumenical_altar_petra
D:4:      layout_rooms, lemuel_round_altar, nicolae_uskayaw_en_pointe,
          minivault_11, minmay_crystal_water, uniq_sigmund
D:5:      layout_basic, nicolae_ru_sacrificial_ziggurat,
          mainiacjoe_overflow_concentric_impassable,
          mainiacjoe_overflow_small_starburst, lemuel_temple_firewalk_a,
          enter_ossuary_3, uniq_blork_the_orc

Notes
Turn   | Place    | Note
-------+----------+-------------------------------------------
     0 | D:1      | Jackthecabe the Vine Stalker Fire Elementalist began the
                  | quest for the Orb.
     0 | D:1      | Reached XP level 1. HP: 9/9 MP: 4/4
    93 | D:1      | Reached XP level 2. HP: 13/13 MP: 0/6
   803 | D:1      | Reached skill level 2 in Conjurations
   855 | D:2      | Reached XP level 3. HP: 16/16 MP: 1/7
  1651 | D:2      | Learned a level 2 spell: Scorch
  2064 | D:3      | Reached skill level 4 in Fire Magic
  2064 | D:3      | Gained mutation: Your natural rate of healing is unusually
                  | fast. [Vine Stalker growth]
  2064 | D:3      | Reached XP level 4. HP: 21/21 MP: 0/8
  2199 | D:3      | Reached skill level 3 in Conjurations
  2203 | D:3      | Learned a level 3 spell: Inner Flame
  3208 | D:3      | Reached skill level 1 in Hexes
  3268 | D:4      | Reached XP level 5. HP: 24/24 MP: 6/10
  3308 | D:4      | Reached skill level 3 in Spellcasting
  3470 | D:4      | Reached skill level 2 in Hexes
  3509 | D:4      | Noticed a +0 falchion
  3510 | D:4      | Noticed a +0 spear
  3511 | D:4      | Noticed a +0 dagger
  3512 | D:4      | Noticed a +0 short sword
  3512 | D:4      | Noticed a +0 falchion
  3513 | D:4      | Noticed a +0 short sword
  3513 | D:4      | Noticed a +0 spear
  3513 | D:4      | Noticed a +0 dagger
  3622 | D:4      | Noticed Sigmund
  3641 | D:4      | Killed Sigmund
  3642 | D:4      | Reached skill level 3 in Hexes
  3642 | D:4      | Reached XP level 6. HP: 28/28 MP: 1/11
  3837 | D:4      | Found a stormy altar of Qazlal.
  4029 | D:4      | Reached skill level 4 in Conjurations
  4140 | D:4      | Found a hide-covered altar of Uskayaw.
  4144 | D:4      | Became a worshipper of Uskayaw the Reveller
  4230 | D:4      | Reached * piety under Uskayaw
  4232 | D:4      | Reached skill level 4 in Hexes
  4232 | D:4      | Reached XP level 7. HP: 32/32 MP: 6/12
  4294 | D:4      | Reached ** piety under Uskayaw
  4295 | D:4      | Reached skill level 1 in Fighting
  4295 | D:4      | Reached skill level 1 in Short Blades
  4295 | D:4      | Reached skill level 3 in Stealth
  4295 | D:4      | Reached skill level 1 in Invocations
  4348 | D:5      | Entered Level 5 of the Dungeon
  4390 | D:5      | Found a burning altar of Makhleb.
  4417 | D:5      | Reached *** piety under Uskayaw
  4420 | D:5      | Reached **** piety under Uskayaw
  4423 | D:5      | HP: 3/33 [scorpion (6)]
  4573 | D:5      | Noticed a vampire
  4581 | D:5      | Mangled by a vampire

Vanquished Creatures
  Sigmund (D:4)
  An ogre (D:4)
  A scorpion (D:5)
  2 jellies
  2 orc priests (D:4)
  A sleepcap (D:4)
  An iguana (D:5)
  3 gnolls (D:3)
  5 adders
  3 worms
  A dart slug (D:4)
  3 orcs
  5 endoplasms
  2 giant cockroaches
  8 goblins
  9 hobgoblins
  8 jackals
  8 kobolds
  6 quokkas
  3 ball pythons
  6 bats
  2 frilled lizards
  6 rats
87 creatures vanquished.

Vanquished Creatures (others)
  229 foxfires
229 creatures vanquished.

Grand Total: 316 creatures vanquished

Table legend: (Time is in decaauts)
 A = Elapsed time spent in this place.
 B = Non-inter-level travel time spent in this place.
 C = Inter-level travel time spent in this place.
 D = Time resting spent in this place.
 E = Time spent auto-exploring this place.
 F = Levels seen in this place.
 G = Mean time per level.
                   A        B        C        D        E       F      G
               +--------+--------+--------+--------+--------+-----+--------+
         Total |   4580 |   4474 |    106 |    223 |   3502 |   5 |  916.0 |
       Dungeon |   4580 |   4474 |    106 |    223 |   3502 |   5 |  916.0 |
               +--------+--------+--------+--------+--------+-----+--------+

Top non-repeatable levels by time:
     D:2: 1218 daAuts
     D:4: 1125 daAuts
     D:3: 1095 daAuts
     D:1: 908 daAuts
     D:5: 231 daAuts

Table legend:
 A = Non-vault XP
 B = Vault XP
 C = Vault XP percentage of total XP
 D = Non-vault monster count
 E = Vault monster count
 F = Vault count percentage of total count
                 A         B        C        D         E       F
            +---------+---------+-------+---------+---------+-------
      Total |     666 |     248 |  27.1 |      82 |       5 |   5.7
            +---------+---------+-------+---------+---------+-------
        D:1 |      32 |       0 |   0.0 |      20 |       0 |   0.0
        D:2 |      30 |       5 |  14.3 |      17 |       4 |  19.0
        D:3 |      94 |       0 |   0.0 |      16 |       0 |   0.0
        D:4 |     338 |     243 |  41.8 |      24 |       1 |   4.0
        D:5 |     172 |       0 |   0.0 |       5 |       0 |   0.0
            +---------+---------+-------+---------+---------+-------
